 Dungeon Crawl Stone Soup version 0.19.0 (webtiles) character file.

201010 Magifyre the Wrestler (level 18, -5/159 HPs)
             Began as a Troll Fighter on Nov 7, 2016.
             Was the Champion of the Shining One.
             Slain by a wolf spider (6 damage)
             ... on level 1 of the Spider Nest.
             The game lasted 02:50:07 (28120 turns).

Magifyre the Wrestler (Troll Fighter)              Turns: 28120, Time: 02:50:07

Health: -5/159     AC: 10    Str: 29    XL:     18   Next: 29%
Magic:  24/27      EV:  7    Int:  6    God:    the Shining One [******]
Gold:   2161       SH:  0    Dex: 21    Spells: 0 memorised, 17 levels left

rFire  + . .     SeeInvis .       - Unarmed
rCold  + . .     Gourm    +     r - +0 troll leather armour
rNeg   + + +     Faith    .     y - +2 large shield {reflect}
rPois  +         Spirit   .     (helmet restricted)
rElec  .         Reflect  +     e - +2 cloak of Inaction {-Cast rC+ Int+2 Dex+6}
rCorr  .         Harm     .     (gloves unavailable)
MR     +....     NoCast   +     (boots unavailable)
Stlth  +.........               s - +6 amulet of reflection
                                p - ring of protection from fire
                                L - ring of poison resistance

@: lethally poisoned (-5 -> -9), divine shield, held, hasted, glowing, studying
Evocations, very quick
A: unfitting armour, claws 3, fast metabolism 3, gourmand, mutation resistance
1, regeneration 2, shaggy fur 1, tough skin 2
a: Divine Shield, Cleansing Flame, Summon Divine Warrior, Brand Weapon With Holy
Wrath, Renounce Religion


You were on level 1 of the Spider Nest.
You worshipped the Shining One.
The Shining One was exalted by your worship.
You were not hungry.

You visited 6 branches of the dungeon, and saw 29 of its levels.
You also visited: Bailey and Desolation.

You collected 3932 gold pieces.
You spent 1771 gold pieces at shops.

Inventory:

Hand Weapons
 R - a +8 scimitar of flaming
Missiles
 o - 27 large rocks
 B - 2 throwing nets
Armour
 b - a +0 robe of fire resistance
 e - the +2 cloak of Inaction (worn) {-Cast rC+ Int+2 Dex+6}
   (You found it on level 4 of the Dungeon)

   It affects your intelligence (+2).
   It affects your dexterity (+6).
   It protects you from cold.
   It prevents spellcasting.
 h - a +2 robe of cold resistance
 q - a +2 robe of magic resistance
 r - a +0 troll leather armour (worn)
 y - a +2 large shield of reflection (worn)
 V - the +1 robe "Avvapsoh" {rElec Str+4}
   (You took it off a deep elf annihilator on level 3 of the Elven Halls)

   It affects your strength (+4).
   It insulates you from electricity.
Jewellery
 p - a ring of protection from fire (right claw)
 s - a +6 amulet of reflection (around neck)
 C - an uncursed ring of flight
 L - a ring of poison resistance (left claw)
 X - an uncursed ring of protection from fire
Wands
 a - a wand of polymorph (14/24)
 n - a wand of heal wounds (3/9)
 z - a wand of slowing (42/48)
 G - a wand of acid (11/15)
 U - a wand of digging (6/24)
Scrolls
 g - a scroll of blinking
 m - a scroll of fog
 w - 10 scrolls of identify
 D - 8 scrolls of teleportation
 F - 3 scrolls of magic mapping
 I - 4 scrolls of remove curse
 J - 5 scrolls of recharging
 N - 2 scrolls of amnesia
 Y - a scroll of summoning
Potions
 c - 4 potions of might
 f - 2 potions of haste
 j - 8 potions of curing
 k - 7 potions of heal wounds
 l - 4 potions of cure mutation
 u - a potion of cancellation
 v - 2 potions of agility
 x - 3 potions of resistance
 M - a potion of berserk rage
 Q - a potion of magic
 W - a potion of ambrosia {unknown}
Books
 t - a manual of Evocations
Miscellaneous
 i - a lamp of fire
 O - a sack of spiders
 P - a phial of floods
 T - 2 phantom mirrors
 Z - 2 boxes of beasts
Comestibles
 d - 18 bread rations
 A - 15 meat rations
 E - 18 beef jerkies
 H - 5 slices of pizza
 K - 15 fruits
 S - 4 royal jellies


   Skills:
 - Level 6.0 Fighting
 - Level 7.1 Dodging
 + Level 12.3 Shields
 + Level 22.4 Unarmed Combat
 - Level 14.0 Invocations


You had 17 spell levels left.
You didn't know any spells.

Dungeon Overview and Level Annotations

Branches:
Dungeon (15/15)            Temple (1/1) D:6            Lair (6/6) D:10
 Shoals (0/4) Lair:3       Spider (2/4) Lair:3        Slime (0/5) Lair:6
    Orc (2/2) D:9             Elf (3/3) Orc:2        Vaults (0/5) D:14
 Depths (0/5) D:15

Altars:
Ashenzari
Cheibriados
Dithmenos
Elyvilon
Fedhas
Gozag
Hepliaklqana
Kikubaaqudgha
Makhleb
Nemelex Xobeh
Okawaru
Qazlal
Ru
Sif Muna
Trog
Uskayaw
Vehumet
Xom
Yredelemnul
Zin
The Shining One
Beogh

Shops:
D:5 :=(   D:7 !   D:11 (   D:12 (   Orc:2 }(?:!   Elf:1 }:}==:   Elf:2 [
Elf:3 *

Annotations:
Elf:2 1 runed door


Innate Abilities, Weirdness & Mutations

You are too large for most types of armour.
You have claws for hands.
Your metabolism is lightning-fast.
You like to eat raw meat.
You heal very quickly.
You are covered in fur. (AC +1)
You have very tough skin. (AC +2)
You are somewhat resistant to further mutation.


Message History

* * * LOW HITPOINT WARNING * * *
The demonic crawler hits you!
* * * LOW HITPOINT WARNING * * *
The demonic crawler hits you.
* * * LOW HITPOINT WARNING * * *
The wolf spider hits you.
* * * LOW HITPOINT WARNING * * *
The wolf spider bites you!
* * * LOW HITPOINT WARNING * * *
You feel yourself speed up.
You feel very sick.
The jumping spider leaps!
The wolf spider hits you.
* * * LOW HITPOINT WARNING * * *
The wolf spider completely misses you. The redback completely misses you.
The jumping spider pounces on you.
* * * LOW HITPOINT WARNING * * *
The jumping spider bites you.
* * * LOW HITPOINT WARNING * * *
The wolf spider barely misses you. The wolf spider bites you.
You die...

##.##...........##....## ##.#
#####†.................######..#
##........#.........##.#...##
#....#)...^.........#.....##
##.................^......##
#.....§.......#..#........#
##...#....##..##.##........#
#....##...s#######..........
#.....##..s@s>.# #..........
#......#..s^s..###..#...#...
##...###........##..######..
#....####.#..#####..#.###.# #
###..^########## ####.#....## #
#.......#.#(..^###..###...... #
##................#....#......
####................##...##..†.##
..#.................#..........##


You could see a demonic crawler, 2 wolf spiders, a jumping spider and a redback.

Vanquished Creatures
  2 deep elf blademasters
  Kirke (D:14)
  Agnes (D:15)
  Donald (Elf:1)
  The ghost of miasmata the Severer, a journeyman DsCK of Xom (Spider:1)
  A deep elf sorcerer (Elf:3)
  2 angels (Elf:1)
  7 deep elf elementalists
  2 entropy weavers
  3 deep elf demonologists (Elf:3)
  5 deep elf annihilators (Elf:3)
  Snorg (D:11)
  An ettin (shapeshifter) (D:15)
  8 deep elf death magi
  The ghost of jimeh the Cruncher, a journeyman MiWn of Qazlal (Orc:2)
  A deep elf high priest (Elf:3)
  Erolcha (D:11)
  The ghost of Ryco the Cleaver, a journeyman MiBe of Trog (Orc:2)
  Fannar (D:12)
  8 hydras
  The ghost of jimeh the Stickfighter, a journeyman MiGl of Uskayaw (Orc:2)
  An ice dragon (D:14)
  A peacekeeper (Desolation)
  A vault guard (D:14)
  A merfolk avatar (Lair:6)
  Erica (D:11)
  The ghost of Pyramid the Carver, a novice MiFi of Okawaru (D:7)
  2 ogre magi (Orc:2)
  A death knight (D:14)
  2 centaur warriors
  A queen ant (Lair:5)
  28 dancing weapons
  6 death yaks
  Urug (Lair:3)
  Sonja (D:10)
  13 deep elf knights
  Nergalle (Orc:1)
  A deep troll (D:14)
  3 skeletal warriors
  3 sea snakes (Lair:6)
  2 unseen horrors
  A glowing orange brain (D:15)
  The ghost of PrincessPwny the Grappler, a novice TrBe of Trog (D:6)
  6 deep elf archers
  5 hill giants
  An ironbrand convoker (Desolation)
  A phantasmal warrior (D:14)
  2 harpies (Lair:6)
  4 orc knights
  8 orb spiders (Spider:1)
  5 wolf spiders (Spider:1)
  9 orc sorcerers
  56 deep elf magi
  A wolf spider zombie (D:15)
  23 ugly things
  4 manticores
  A salamander (shapeshifter) (D:15)
  4 cyclopes
  2 large abominations (Elf:1)
  Joseph (D:10)
  8 elephants
  A black mamba (Lair:3)
  4 torpor snails
  A spiny frog (shapeshifter) (D:14)
  A gargoyle (D:13)
  10 spiny frogs
  5 kobold demonologists
  13 komodo dragons
  8 rime drakes
  7 demonic crawlers
  8 trolls
  7 polar bears
  Prince Ribbit (D:6)
  5 jumping spiders (Spider:1)
  A wind drake (Lair:6)
  A saltling (Desolation)
  7 hornets
  4 two-headed ogres
  3 slime creatures (D:15)
  9 hippogriffs
  A blink frog (Lair:4)
  9 dream sheep (Lair:5)
  Sigmund (D:6)
  A redback (shapeshifter) (Elf:3)
  2 shadows (D:13)
  15 redbacks (Spider:1)
  2 water elementals
  A vampire (D:14)
  2 basilisks
  3 wraiths
  7 tarantellas (Spider:1)
  49 yaks
  7 wyverns
  A hog (D:14)
  8 vampire mosquitoes
  4 fire elementals
  3 steam dragons
  A hungry ghost (D:13)
  4 mottled dragons
  2 wargs (Orc:1)
  2 insubstantial wisps (D:11)
  20 soldier ants
  4 porcupines
  Duvessa (D:4)
  15 water moccasins
  34 orc warriors
  6 sky beasts
  4 ice beasts
  A black bear (D:10)
  An eye of draining (D:14)
  5 phantoms
  3 wolves (Lair:5)
  17 ogres
  18 crocodiles
  8 centaurs
  4 elf zombies (Elf:1)
  5 big kobolds
  20 bullfrogs
  A wyvern zombie (D:11)
  2 gnoll sergeants (D:9)
  2 earth elementals
  A wyvern skeleton (D:14)
  Dowan (D:4)
  6 scorpions
  11 wights
  2 vampire bats (D:4)
  5 electric eels (Bailey)
  11 howler monkeys
  A bullfrog zombie (D:7)
  4 centaur zombies
  13 crimson imps
  A quasit (D:8)
  3 centaur skeletons
  2 hounds
  A jelly (D:11)
  12 orc priests
  2 bullfrog skeletons
  32 orc wizards
  A gnoll shaman (D:9)
  An iron imp (D:15)
  Jessica (D:3)
  11 iguanas
  19 worker ants
  A killer bee zombie (D:8)
  A hound skeleton (D:10)
  A worker ant zombie (D:7)
  13 adders
  20 gnolls
  4 shadow imps
  2 white imps (D:12)
  An adder skeleton (D:6)
  4 worms
  5 dart slugs
  5 leopard geckos
  93 orcs
  8 bats
  A bat skeleton (D:4)
  4 bat zombies (D:4)
  7 giant cockroaches
  11 goblins
  15 hobgoblins
  8 jackals
  7 quokkas
  4 ball pythons
  A ball python skeleton (D:5)
  3 frilled lizards
  12 kobolds
  A quokka zombie (D:7)
  7 rats
  A plant (D:10)
1037 creatures vanquished.

Vanquished Creatures (collateral kills)
  A deep elf blademaster (Elf:2)
  Roxanne (Elf:2)
  A deep elf elementalist (Elf:3)
  An entropy weaver (Lair:5)
  A deep elf death mage (Elf:3)
  A deep elf high priest (Elf:3)
  3 dancing weapons (Elf:2)
  4 deep elf knights (Elf:2)
  A small abomination (Elf:3)
  5 deep elf magi
  A hippogriff (Lair:5)
  A water elemental (Elf:2)
  4 soldier ants (Lair:5)
  An orc warrior (Bailey)
  A bullfrog (Lair:5)
  2 worker ants (Lair:5)
  A gnoll (Bailey)
  2 goblins (Bailey)
32 creatures vanquished.

Vanquished Creatures (others)
  2 deep elf master archers (Elf:3)
  2 centaur warriors (D:15)
  2 cyclopes
  A jumping spider (Spider:1)
  2 humans (D:14)
  A tarantella (Spider:1)
  2 centaurs
  A crimson imp (D:14)
  An orc wizard (Orc:2)
  A shadow imp (D:14)
  2 orcs
  A kobold (D:15)
  5 fungi
  22 plants
45 creatures vanquished.

Grand Total: 1114 creatures vanquished

Notes
Turn   | Place    | Note
-------+----------+-------------------------------------------
     0 | D:1      | Magifyre the Troll Fighter began the quest for the Orb.
     0 | D:1      | Reached XP level 1. HP: 22/22 MP: 0/0
   231 | D:1      | Reached XP level 2. HP: 29/29 MP: 1/1
   373 | D:1      | Reached skill level 3 in Unarmed Combat
  1221 | D:2      | Reached XP level 3. HP: 36/36 MP: 2/2
  1642 | D:3      | Noticed Jessica
  1646 | D:3      | Killed Jessica
  1646 | D:3      | Reached skill level 4 in Unarmed Combat
  1694 | D:3      | Found a stormy altar of Qazlal.
  1761 | D:3      | Reached XP level 4. HP: 29/44 MP: 3/3
  1903 | D:3      | Reached skill level 5 in Unarmed Combat
  2236 | D:3      | Reached XP level 5. HP: 50/50 MP: 4/4
  2677 | D:5      | Entered Level 5 of the Dungeon
  2706 | D:5      | Noticed an ogre
  2712 | D:5      | Killed an ogre
  2712 | D:5      | Reached skill level 6 in Unarmed Combat
  2712 | D:5      | Reached XP level 6. HP: 30/59 MP: 5/5
  2860 | D:4      | Got a transparent cloak
  2871 | D:4      | Identified the +2 cloak of Inaction {-Cast rC+ Int+2 Dex+6} (You found it on level 4 of the Dungeon)
  2942 | D:4      | Reached skill level 7 in Unarmed Combat
  3024 | D:4      | Noticed Dowan
  3027 | D:4      | Noticed Duvessa
  3140 | D:4      | Killed Duvessa
  3140 | D:4      | Reached XP level 7. HP: 66/66 MP: 6/6
  3147 | D:4      | Killed Dowan
  3147 | D:4      | Reached skill level 8 in Unarmed Combat
  3357 | D:4      | Gained mutation: You heal very quickly. [potion of beneficial mutation]
  3435 | D:4      | Found an ancient bone altar of Kikubaaqudgha.
  3648 | D:5      | Found Idynkuor's Jewellery Shoppe.
  3716 | D:5      | Reached skill level 9 in Unarmed Combat
  3786 | D:5      | Found Huehok's Weapon Boutique.
  3836 | D:5      | Found Juahob's Book Boutique.
  3837 | D:5      | Found a blossoming altar of Fedhas.
  3887 | D:5      | Reached XP level 8. HP: 74/74 MP: 7/7
  3957 | D:5      | Reached skill level 10 in Unarmed Combat
  4070 | D:6      | Noticed Sigmund
  4071 | D:6      | Noticed PrincessPwny's ghost (novice TrBe)
  4114 | D:6      | Killed PrincessPwny's ghost
  4114 | D:6      | Reached skill level 11 in Unarmed Combat
  4145 | D:6      | Killed Sigmund
  4176 | D:6      | Found a sacrificial altar of Ru.
  4177 | D:6      | Reached XP level 9. HP: 80/80 MP: 8/8
  4640 | D:6      | Reached skill level 12 in Unarmed Combat
  4705 | D:6      | Noticed Prince Ribbit
  4712 | D:6      | Killed Prince Ribbit
  4846 | D:6      | Found a staircase to the Ecumenical Temple.
  4894 | Temple   | Entered the Ecumenical Temple
  5117 | Temple   | Became a worshipper of the Shining One
  5294 | D:7      | Found Touc's Distillery.
  5488 | D:7      | Reached * piety under the Shining One
  5496 | D:7      | Reached skill level 13 in Unarmed Combat
  5531 | D:7      | Noticed Pyramid's ghost (novice MiFi)
  5547 | D:7      | Killed Pyramid's ghost
  5594 | D:7      | Noticed an angel
  5595 | D:7      | Found a glowing silver altar of Zin.
  5667 | D:7      | Reached XP level 10. HP: 78/88 MP: 9/9
  5735 | D:7      | Reached skill level 14 in Unarmed Combat
  5903 | D:7      | Bought a potion of beneficial mutation for 420 gold pieces
  5903 | D:7      | Gained mutation: You are somewhat resistant to further mutation. [potion of beneficial mutation]
  5999 | D:8      | Found a hazy altar of Hepliaklqana.
  6000 | D:8      | Found an opulent altar of Gozag.
  6079 | D:8      | Reached ** piety under the Shining One
  6568 | D:9      | Reached skill level 15 in Unarmed Combat
  6591 | D:9      | Reached skill level 1 in Invocations
  6644 | D:9      | Reached *** piety under the Shining One
  6774 | D:9      | Found a staircase to the Orcish Mines.
  6981 | D:9      | Reached XP level 11. HP: 89/94 MP: 12/12
  7264 | D:10     | Entered Level 10 of the Dungeon
  7274 | D:10     | Noticed Joseph
  7284 | D:10     | Killed Joseph
  7472 | D:10     | Noticed Sonja
  7594 | D:10     | Noticed a hill giant
  7602 | D:10     | Killed a hill giant
  7609 | D:10     | Killed Sonja
  7609 | D:10     | Reached skill level 5 in Invocations
  7712 | D:10     | Reached skill level 16 in Unarmed Combat
  7970 | D:10     | Found a staircase to the Lair.
  8524 | D:10     | Identified a +1 rod of ignition (12/12) (You found it on level 8 of the Dungeon)
  8670 | D:11     | Noticed a hill giant
  8670 | D:11     | Reached **** piety under the Shining One
  8696 | D:11     | Noticed Snorg
  8699 | D:11     | Killed a hill giant
  8723 | D:11     | Killed Snorg
  8785 | D:11     | Noticed a green ugly thing
  8793 | D:11     | Killed a red ugly thing
  8837 | D:11     | Noticed Erica
  8861 | D:11     | Killed Erica
  8861 | D:11     | Reached XP level 12. HP: 100/107 MP: 11/15
  8918 | D:11     | Noticed Erolcha
  8931 | D:11     | Killed Erolcha
  9029 | D:11     | Found a flagged portal.
  9066 | Bailey   | Entered a bailey
  9105 | Bailey   | Reached skill level 5 in Dodging
  9130 | Bailey   | Found an iron altar of Okawaru.
  9411 | Bailey   | Reached skill level 5 in Shields
  9757 | D:11     | Found Wutiry's Weapon Shoppe.
 10011 | D:12     | Noticed Fannar
 10038 | D:12     | Killed Fannar
 10038 | D:12     | Reached skill level 5 in Fighting
 10118 | D:12     | You fall through a shaft for 2 floors!
 10478 | D:12     | Found Zaw Niat's Antique Weapon Boutique.
 11030 | D:13     | Reached XP level 13. HP: 95/120 MP: 18/18
 11293 | D:14     | Got a brightly glowing platinum ring
 11409 | D:14     | Noticed Kirke
 11416 | D:14     | Killed Kirke
 11993 | D:13     | Reached skill level 10 in Invocations
 12884 | D:14     | Found a gate to the Vaults.
 13242 | D:15     | Entered Level 15 of the Dungeon
 13330 | D:15     | Reached ***** piety under the Shining One
 13345 | D:15     | Identified the ring of the Solstice {rN+ Dex+2} (You took it off a vault guard on level 14 of the Dungeon)
 13444 | D:14     | Reached XP level 14. HP: 130/130 MP: 21/21
 13553 | D:15     | Noticed Agnes
 13562 | D:15     | Killed Agnes
 13795 | D:15     | Found a basalt altar of Yredelemnul.
 14657 | D:15     | Found a staircase to the Depths.
 14933 | Lair:1   | Entered Level 1 of the Lair of Beasts
 15236 | Lair:1   | Got a scorched war axe
 15237 | Lair:1   | Identified the +9 war axe "Impbane" {vamp, rPois} (You found it on level 1 of the Lair of Beasts)
 16182 | Lair:3   | Found a staircase to the Shoals.
 16282 | Lair:3   | Found a hole to the Spider Nest.
 17024 | Lair:4   | Noticed Urug
 17093 | Lair:3   | Killed Urug
 17472 | Lair:4   | Reached skill level 17 in Unarmed Combat
 17472 | Lair:4   | Reached XP level 15. HP: 120/136 MP: 24/24
 18598 | Lair:5   | Reached skill level 18 in Unarmed Combat
 19225 | Lair:6   | Entered Level 6 of the Lair of Beasts
 19252 | Lair:6   | Found a staircase to the Slime Pits.
 19693 | Lair:6   | Found a sparkling altar of Nemelex Xobeh.
 19887 | Lair:6   | Reached ****** piety under the Shining One
 19942 | Lair:6   | Reached skill level 19 in Unarmed Combat
 19952 | Lair:5   | HP: 6/136 [poisoned by a sea snake]
 19957 | Lair:5   | HP: 4/136 [poisoned by a sea snake]
 19962 | Lair:5   | HP: 3/136 [poisoned by a sea snake]
 19967 | Lair:5   | HP: 6/136 [poisoned by a sea snake]
 20345 | Lair:6   | Got an iridescent great sword
 20527 | Lair:6   | Got a warped falchion
 20528 | Lair:6   | Identified the +0 falchion "Zaelis" {vamp, rC+ MR+} (You found it on level 6 of the Lair of Beasts)
 20996 | Orc:1    | Entered Level 1 of the Orcish Mines
 21036 | Orc:1    | Noticed Nergalle
 21041 | Orc:1    | Killed Nergalle
 21524 | Orc:2    | Entered Level 2 of the Orcish Mines
 21524 | Orc:2    | Found a staircase to the Elven Halls.
 21558 | Orc:2    | Noticed jimeh's ghost (journeyman MiWn)
 21567 | Orc:2    | Killed jimeh's ghost
 21709 | Orc:2    | Noticed Ryco's ghost (journeyman MiBe)
 21715 | Orc:2    | Killed Ryco's ghost
 21715 | Orc:2    | Reached XP level 16. HP: 135/144 MP: 25/25
 21868 | Orc:2    | Paralysed by an orc sorcerer for 2 turns
 21892 | Orc:2    | Noticed jimeh's ghost (journeyman MiGl)
 21898 | Orc:2    | Found Ugraedagh's Book Emporium.
 21906 | Orc:2    | Killed jimeh's ghost
 21952 | Orc:2    | Found an ancient bone altar of Kikubaaqudgha.
 21968 | Orc:2    | Found Biceozxe's Magic Scroll Emporium.
 21997 | Orc:2    | Reached skill level 20 in Unarmed Combat
 22006 | Orc:2    | Found a roughly hewn altar of Beogh.
 22006 | Orc:2    | Found Laof's Antique Weapon Shoppe.
 22008 | Orc:2    | Paralysed by an orc sorcerer for 7 turns
 22082 | Orc:2    | Bought a scroll of teleportation for 42 gold pieces
 22082 | Orc:2    | Bought a scroll of teleportation for 42 gold pieces
 22082 | Orc:2    | Bought a scroll of identify for 28 gold pieces
 22082 | Orc:2    | Bought a scroll of identify for 28 gold pieces
 22082 | Orc:2    | Bought a scroll of recharging for 133 gold pieces
 22082 | Orc:2    | Bought a scroll of identify for 28 gold pieces
 22101 | Orc:2    | Found Lohipp's Gadget Shoppe.
 22127 | Orc:2    | Found a radiant altar of Vehumet.
 22178 | Orc:2    | Found Pun Empekli's Distillery.
 22191 | Orc:2    | Bought a potion of curing for 45 gold pieces
 22191 | Orc:2    | Bought a potion of curing for 45 gold pieces
 22191 | Orc:2    | Bought a potion of might for 60 gold pieces
 22191 | Orc:2    | Bought a potion of agility for 60 gold pieces
 22271 | Orc:2    | Found a roughly hewn altar of Beogh.
 22448 | Orc:2    | Bought a wand of heal wounds (6/9) for 840 gold pieces
 22575 | Elf:1    | Entered Level 1 of the Elven Halls
 22677 | Elf:1    | Found Lituasoe's Gadget Shoppe.
 22677 | Elf:1    | Found Ajeox's Jewellery Shop.
 22678 | Elf:1    | Found Ruda's Jewellery Shop.
 22699 | Elf:1    | Noticed Donald
 22708 | Elf:1    | Killed Donald
 22742 | Elf:1    | Found Pius Yss's Book Shoppe.
 22831 | Elf:1    | Found a glowing silver altar of Zin.
 22831 | Elf:1    | Found a glowing golden altar of the Shining One.
 22841 | Elf:1    | Found a white marble altar of Elyvilon.
 22841 | Elf:1    | Found a ruined gateway.
 23010 | Desolati | Entered the Desolation of Salt
 23158 | Elf:1    | Found Goax's Book Shoppe.
 23176 | Elf:1    | Found Kodojuu's Gadget Shoppe.
 23340 | Elf:1    | Identified the Guide on Evil
 23675 | Elf:2    | Noticed Roxanne
 23809 | Elf:2    | Found a runed door.
 23832 | Elf:2    | Found a runed door.
 24094 | Elf:2    | Noticed a deep elf blademaster
 24108 | Elf:2    | Killed a deep elf blademaster
 24111 | Elf:2    | Reached skill level 21 in Unarmed Combat
 24131 | Elf:2    | Reached XP level 17. HP: 146/152 MP: 19/26
 24270 | Elf:2    | Reached skill level 10 in Shields
 24584 | Elf:2    | Killed Roxanne
 24585 | Elf:2    | Found Plog's Armour Shop.
 24691 | Elf:3    | Entered Level 3 of the Elven Halls
 25074 | Elf:3    | Found Miclef's General Store.
 25618 | Elf:3    | Noticed a deep elf master archer
 25644 | Elf:3    | Killed a deep elf master archer
 25709 | Elf:3    | Got a bloodstained flail {crush}
 25710 | Elf:3    | Identified the cursed +1 flail "Jellybane" {crush, rF+ rC++ Stlth+} (You took it off a deep elf mage on level 3 of the Elven Halls)
 25777 | Elf:3    | Noticed a deep elf blademaster
 25778 | Elf:3    | Noticed a deep elf master archer
 25782 | Elf:3    | Noticed a Brimstone Fiend
 25792 | Elf:3    | Killed a deep elf blademaster
 25796 | Elf:3    | Noticed a deep elf blademaster
 25803 | Elf:3    | Killed a ghostly deep elf blademaster
 25816 | Elf:3    | Killed a deep elf blademaster
 25965 | Elf:3    | Killed a deep elf master archer
 25994 | Elf:2    | Killed a ghostly deep elf blademaster
 26041 | Elf:3    | Got an ominously black robe
 26052 | Elf:3    | Identified the +1 robe "Avvapsoh" {rElec Str+4} (You took it off a deep elf annihilator on level 3 of the Elven Halls)
 26228 | Elf:3    | Reached skill level 22 in Unarmed Combat
 26363 | Elf:3    | Reached XP level 18. HP: 140/159 MP: 27/27
 26416 | Elf:3    | Noticed a Brimstone Fiend
 26549 | Elf:3    | Identified the Guide on Twisted Heat
 27114 | Spider:1 | Entered Level 1 of the Spider Nest
 27253 | Spider:1 | Noticed miasmata's ghost (journeyman DsCK)
 27381 | Spider:1 | Killed miasmata's ghost
 28120 | Spider:1 | HP: 6/159 [jumping spider (3)]
 28120 | Spider:1 | HP: 1/159 [jumping spider (5)]
 28120 | Spider:1 | Slain by a wolf spider

Skill      XL: |  1  2  3  4  5  6  7  8  9 10 11 12 13 14 15 16 17 18 |
---------------+-------------------------------------------------------+-----
Unarmed Combat | 3 4 5 6 7 9 11 13 15 16 17 19 21 22 | 22.4
Invocations    | 3 6 8 11 14 | 14.0
Dodging        | 4 6 7 |  7.1
Shields        | 4 6 7 9 11 12 | 12.3
Fighting       | 4 5 6 |  6.0

Action                   |  1- 3 |  4- 6 |  7- 9 | 10-12 | 13-15 | 16-18 || total
-------------------------+-------+-------+-------+-------+-------+-------++-------
Melee: Unarmed           |   132 |   171 |   267 |   636 |  1244 |   900 ||  3350
       Scimitar          |       |       |       |       |    63 |       ||    63
       Flail             |       |       |       |       |       |     9 ||     9
Throw: Tomahawk          |       |     3 |     3 |     3 |    29 |       ||    38
       Large rock        |       |       |       |     4 |    13 |     1 ||    18
       Javelin           |       |       |       |       |     7 |       ||     7
Invok: Divine Shield     |       |       |       |     4 |    13 |    14 ||    31
       Cleansing Flame   |       |       |       |       |     2 |       ||     2
       Summon Divine War |       |       |       |       |     1 |     5 ||     6
 Abil: Evoke Flight      |       |       |       |       |       |     1 ||     1
Evoke: Wand              |       |       |       |     2 |       |     4 ||     6
  Use: Scroll            |       |     7 |     6 |    14 |    19 |    10 ||    56
       Potion            |       |       |     1 |     5 |     1 |     4 ||    11
 Stab: Sleeping          |       |     1 |     4 |       |       |       ||     5
       Distracted        |       |       |     1 |       |       |       ||     1
       Invisible         |       |       |     1 |       |       |       ||     1
       Paralysed         |       |       |     1 |       |       |       ||     1
  Eat: Chunk             |    19 |    15 |    24 |    49 |   110 |    54 ||   271
Armor: Robe              |    53 |    26 |    53 |    39 |       |       ||   171
       Troll leather arm |       |       |       |    23 |   120 |    78 ||   221
Dodge: Dodged            |    47 |    38 |    31 |   106 |   266 |   159 ||   647
Block: Shield            |    69 |    74 |   162 |   312 |       |       ||   617
       Reflection        |       |       |     4 |    19 |    45 |    54 ||   122
       Large shield      |       |       |       |   102 |  1279 |   779 ||  2160
       Rpst.: Scimitar   |       |       |       |       |     3 |       ||     3
